 Dungeon Crawl Stone Soup version 0.22.1-1-ga44c0e56f4 (webtiles) character file.

426 D1HalberdGnoll the Skirmisher (level 6, -8/56 HPs)
             Began as a Ghoul Fighter on Oct 24, 2018.
             Mangled by a two-headed ogre
             ... wielding a cursed -1 giant club
              (9 damage)
             ... on level 4 of the Dungeon.
             The game lasted 00:03:58 (3394 turns).

D1HalberdGnoll the Skirmisher (Ghoul Fighter)       Turns: 3394, Time: 00:03:59

Health: -8/56      AC:  6    Str: 20    XL:     6   Next: 97%
Magic:  5/5        EV: 12    Int:  4    God:
Gold:   117        SH:  9    Dex: 14    Spells: 5/5 levels left

rFire    . . .     SeeInvis .   r - +0 hand axe (venom)
rCold    + . .     Gourm    .   c - +0 shield
rNeg     + + +     Faith    .   b - +0 scale mail
rPois    ∞         Spirit   .   (no helmet)
rElec    .         Reflect  .   d - scarf {cloud immunity}
rCorr    .         Harm     .   (no gloves)
MR       .....                  (no boots)
Stlth    +.........             (no amulet)
HPRegen  0.00/turn              (no ring)
MPRegen  0.09/turn              (no ring)

@: agile, rotting
A: rotting body, claws 1, carnivore, cold resistance 1, negative energy
resistance 3, inhibited regeneration, torment resistance, unbreathing
a: no special abilities


You were on level 4 of the Dungeon.
You were not hungry.

You visited 1 branch of the dungeon, and saw 4 of its levels.

You collected 117 gold pieces.

Inventory:

Hand Weapons
 a - a +0 war axe
 r - a +0 hand axe of venom (weapon)
Missiles
 p - 2 tomahawks of returning (quivered)
Armour
 b - a +0 scale mail (worn)
 c - a +0 shield (worn)
 d - a scarf of cloud immunity (worn)
Jewellery
 l - an uncursed amulet of rage {unknown}
 y - a +4 ring of intelligence {unknown}
Wands
 w - a wand of enslavement (10)
Scrolls
 e - 3 scrolls of identify {unknown}
 g - 5 scrolls of remove curse {unknown}
 h - a scroll of random uselessness {unknown}
 k - a scroll of magic mapping {unknown}
 o - a scroll of fog {unknown}
 s - a scroll of fear {unknown}
 t - a scroll of teleportation {unknown}
 u - a scroll of enchant weapon {unknown}
 v - 2 scrolls of blinking {unknown}
Potions
 i - a potion of mutation {unknown}
 j - a potion of haste {unknown}
 m - 2 potions of curing
 n - 2 potions of degeneration {unknown}
 x - a potion of resistance {unknown}
Comestibles
 f - 6 rations
 z - 2 chunks of flesh


   Skills:
 + Level 5.4 Fighting
 * Level 5.4 Axes
 - Level 2.6 Armour
 - Level 2.6 Shields


You had 5 spell levels left.
You didn't know any spells.
Your spell library was empty.

Dungeon Overview and Level Annotations

Branches:
Dungeon (4/15)
 Temple: D:4-7

Altars:
Fedhas
Xom

Annotations:
D:3 exclusion: downstairs


Innate Abilities, Weirdness & Mutations

Your body is rotting away.
You thrive on raw meat.
You are immune to poison.
You have sharp fingernails.
You are carnivorous and can eat meat at any time.
Your flesh is cold resistant. (rC+)
You are immune to negative energy. (rN+++)
You do not regenerate when monsters are visible.
You are immune to unholy pain and torment.
You can survive without breathing.


Message History

Aim: a two-headed ogre, wielding a giant club and a giant spiked club You throw a tomahawk of returning.
The tomahawk of returning hits the two-headed ogre but does no damage.
The two-headed ogre is moderately wounded.
The tomahawk of returning fails to return to your pack!
You block the two-headed ogre's attack.
The two-headed ogre hits you with a giant spiked club.
* * * LOW HITPOINT WARNING * * *
Okay, then.
It was a potion of agility.
You feel agile all of a sudden.
You hit the two-headed ogre.
The two-headed ogre looks as sick as possible!
The two-headed ogre is heavily wounded.
The two-headed ogre hits you with a giant club!
* * * LOW HITPOINT WARNING * * *
The two-headed ogre barely misses you.
You open the door.
The two-headed ogre hits you with a giant club!
You die...

#....)'...........#....'...
#.....#..###.###..#....#
#.....#..#######..#....#
#.....#...#...#...#...(####
#.....#...#...')..'........
#.....#..######...#........
#.....#..##..##...#####....
#.....#..#........(...'....
#..'@O......#...#....
#################.... #####


You could see a two-headed ogre.

Vanquished Creatures
  Sigmund (D:3)
  A scorpion (D:3)
  A worker ant (D:4)
  6 gnolls (D:4)
  6 adders
  A shadow imp (D:3)
  A dart slug (D:3)
  3 leopard geckos
  7 orcs
  5 giant cockroaches
  6 goblins
  4 hobgoblins (D:1)
  8 bats
  11 frilled lizards
  7 kobolds
  A leopard gecko skeleton (D:4)
  8 rats
77 creatures vanquished.

Notes
Turn   | Place    | Note
-------+----------+-------------------------------------------
     0 | D:1      | D1HalberdGnoll the Ghoul Fighter began the quest for the
                  | Orb.
     0 | D:1      | Reached XP level 1. HP: 19/19 MP: 0/0
   169 | D:1      | Reached XP level 2. HP: 25/26 MP: 1/1
   444 | D:1      | Reached XP level 3. HP: 33/33 MP: 2/2
   988 | D:2      | Found a shimmering altar of Xom.
   997 | D:2      | Reached XP level 4. HP: 36/40 MP: 3/3
  1034 | D:2      | Found a blossoming altar of Fedhas.
  1882 | D:3      | Noticed Sigmund
  1905 | D:3      | Killed Sigmund
  1905 | D:3      | Reached skill level 5 in Fighting
  1905 | D:3      | Reached XP level 5. HP: 14/48 MP: 4/4
  1905 | D:3      | Reached XP level 6. HP: 17/56 MP: 5/5
  2462 | D:3      | Reached skill level 5 in Axes
  2815 | D:4      | Noticed a two-headed ogre
  2822 | D:4      | HP: 2/56 [two-headed ogre/giant club (17)]
  3389 | D:4      | HP: 1/56 [two-headed ogre/giant club (10)]
  3394 | D:4      | Mangled by a two-headed ogre

Skill      XL: |  1  2  3  4  5  6 |
---------------+-------------------+-----
Axes           | 2 3 4 5 |  5.4
Fighting       | 4 5 |  5.4
Armour         | |  2.6
Shields        | |  2.6

Action                   |  1- 3 |  4- 6 || total
-------------------------+-------+-------++-------
Melee: War axe           |   109 |    19 ||   128
       Hand axe          |       |   127 ||   127
Throw: Tomahawk          |       |     6 ||     6
  Use: Potion            |       |     4 ||     4
  Eat: Chunk             |    10 |    10 ||    20
Armor: Scale mail        |    54 |    43 ||    97
Dodge: Dodged            |    40 |    50 ||    90
Block: Shield            |    54 |    59 ||   113
